 Dungeon Crawl Stone Soup version 0.23.0-3-gf3c87f2df8 (webtiles) character file.

Game seed: 13605280273435181180

79 Esekla the Charmwright (level 4, 0/37 HPs)
             Began as a Draconian Skald on Feb 24, 2019.
             Slain by an adder (3 damage)
             ... on level 3 of the Dungeon.
             The game lasted 00:10:10 (1730 turns).

Esekla the Charmwright (Draconian Skald)            Turns: 1730, Time: 00:10:10

Health: 0/37       AC:  6    Str: 13    XL:     4   Next: 16%
Magic:  2/7        EV: 12    Int: 15    God:
Gold:   152        SH:  0    Dex: 10    Spells: 1/7 levels left

rFire    + . .     SeeInvis .   a - +0 falchion
rCold    . . .     Gourm    .   (no shield)
rNeg     . . .     Faith    .   (armour unavailable)
rPois    .         Spirit   .   (helmet restricted)
rElec    .         Reflect  .   (no cloak)
rCorr    .         Harm     .   (no gloves)
MR       .....                  f - +0 pair of boots
Stlth    +.........             (no amulet)
HPRegen  0.12/turn              p - ring of protection from fire
MPRegen  0.10/turn              (no ring)

@: lethally poisoned (0 -> -14), singing
A: unfitting armour, cold-blooded, AC +5
a: no special abilities


You were on level 3 of the Dungeon.
You were not hungry.

You visited 1 branch of the dungeon, and saw 3 of its levels.

You collected 152 gold pieces.

Inventory:

Hand Weapons
 a - a +0 falchion (weapon)
Missiles
 i - 4 tomahawks (quivered)
Armour
 f - a +0 pair of boots (worn)
Jewellery
 g - an uncursed ring of fire
 p - a ring of protection from fire (left hand)
Scrolls
 d - a scroll of remove curse {unknown}
 e - a scroll of teleportation {unknown}
 k - a scroll of identify {unknown}
 m - a scroll of immolation {unknown}
 o - a scroll of noise {unknown}
Potions
 b - 2 potions of ambrosia {unknown}
 h - a potion of magic {unknown}
 j - a potion of lignification {unknown}
 l - a potion of haste {unknown}
 n - a potion of curing {unknown}
Comestibles
 c - 2 rations


   Skills:
 + Level 2.7 Fighting
 + Level 2.9 Long Blades
 + Level 2.6 Dodging
 + Level 2.3 Spellcasting
 - Level 3.1 Charms
 * Level 0.9 Necromancy


You had one spell level left.
You knew the following spells:

 Your Spells              Type           Power        Failure   Level  Hunger
a - Infusion              Chrm           ##..         6%          1    #......
c - Song of Slaying       Chrm           ##......     9%          2    ###....
e - Regeneration          Chrm/Necr      #.........   28%         3    ###....

Your spell library contained the following spells:

 Spells                   Type           Power        Failure   Level  Hunger
 Shroud of Golubria       Chrm/Tloc      #.........   17%         2    ###....
 Spectral Weapon          Hex/Chrm       #.......     34%         3    ###....


Dungeon Overview and Level Annotations

Branches:
Dungeon (3/15)

Altars:
Nemelex Xobeh


Innate Abilities, Weirdness & Mutations

Your plain brown scales are hard. (AC +5)
You cannot fit into any form of body armour.
You are cold-blooded and may be slowed by cold attacks.


Message History

The adder poisons you!
You slash the adder!
You kill the adder!
* * * LOW HITPOINT WARNING * * *
You feel sick. The adder bites you but does no damage.
You barely miss the adder.
* * * LOW HITPOINT WARNING * * *
You feel sick. The adder barely misses you.
You miss the adder.
* * * LOW HITPOINT WARNING * * *
You feel sick. The adder bites you.
* * * LOW HITPOINT WARNING * * *
The adder bites you but does no damage.
Casting: Song of Slaying (safe; 9% risk of failure)
Confirm with . or Enter, or press ? or * to list all spells.
Okay, then.
You barely miss the adder.
* * * LOW HITPOINT WARNING * * *
You feel sick. The adder bites you.
You die...

.. .... .. ...
.##.## ###..
.............
...#....##.. #
......<##l# .#
..........#
##>.###
#.......###......#
#......KlS@......#
#.....#####......#
## #....## ......#
..## ####.#
.......# ...#
#...# ##...<...#
.#.##
#.#####.........#
....#
#.#......######.#
....####.#......#
..
..<......#......#


You could see an adder, a kobold and a frilled lizard.

Vanquished Creatures
  3 adders
  A shadow imp (D:3)
  An ooze (D:1)
  A worm (D:2)
  2 dart slugs (D:1)
  A leopard gecko (D:1)
  2 giant cockroaches (D:1)
  7 goblins
  5 hobgoblins
  2 kobolds
  A bat (D:1)
  5 frilled lizards
  A rat (D:1)
32 creatures vanquished.

Notes
Turn   | Place    | Note
-------+----------+-------------------------------------------
     0 | D:1      | Esekla the Draconian Skald began the quest for the Orb.
     0 | D:1      | Reached XP level 1. HP: 17/17 MP: 3/3
   305 | D:1      | Reached XP level 2. HP: 24/24 MP: 5/5
   318 | D:1      | Learned a level 2 spell: Song of Slaying
   324 | D:1      | Reached skill level 3 in Charms
   354 | D:1      | HP: 1/25 [leopard gecko (2)]
   792 | D:2      | Reached XP level 3. HP: 30/30 MP: 6/6
   797 | D:2      | Learned a level 3 spell: Regeneration
  1146 | D:2      | Found a sparkling altar of Nemelex Xobeh.
  1598 | D:3      | Noticed an ogre
  1695 | D:3      | Reached XP level 4. HP: 24/37 MP: 3/7
  1730 | D:3      | Slain by an adder

Skill      XL: |  1  2 |
---------------+-------+-----
Charms         | 3 |  3.1
Fighting       | |  2.7
Long Blades    | |  2.9
Dodging        | |  2.6
Spellcasting   | |  2.3
Necromancy     | |  0.9

Action                   |  1- 3 |  4- 6 || total
-------------------------+-------+-------++-------
Melee: Falchion          |   103 |    12 ||   115
       Tailslap          |     7 |       ||     7
Throw: Tomahawk          |     2 |       ||     2
 Cast: Infusion          |     4 |       ||     4
       Regeneration      |     2 |     1 ||     3
       Song of Slaying   |       |     1 ||     1
 Stab: Sleeping          |     1 |       ||     1
  Eat: Ration            |     1 |       ||     1
Armor: Skin              |    23 |     6 ||    29
Dodge: Dodged            |    61 |     8 ||    69
       Rpst.: Falchion   |    16 |     2 ||    18
